 Dungeon Crawl Stone Soup version 0.29.1-12-g30fa7ad0bf (webtiles) character file.

Game seed: 7225162313642185325

6 hawla the Chiller (level 2, -3/20 HPs)
             Began as a Meteoran Ice Elementalist on Dec 25, 2022.
             Slain by a worm (8 damage)
             ... on level 4 of the Dungeon.
             The game lasted 00:01:21 (104 turns).

hawla the Chiller (Meteoran Ice Elementalist)        Turns: 104, Time: 00:01:22

Health: -3/20      AC:  2    Str:  9    XL:     2   Next: 11%
Magic:  5/6        EV:  9    Int: 16    God:
Gold:   10         SH:  0    Dex: 14    Spells: 5/6 levels left

rFire   . . .      SeeInvis .   (no weapon)
rCold   . . .      Faith    .   (no shield)
rNeg    . . .      Spirit   .   a - +0 robe
rPois   .          Reflect  .   (no helmet)
rElec   .          Harm     .   (no cloak)
rCorr   .          Rampage  .   (no gloves)
Will    .....                   (no boots)
Stlth   +.........              (no amulet)
HPRegen 0.06/turn               (no ring)
MPRegen 0.10/turn               (no ring)

@: glowing, constricted
A: sense surroundings 1, otherworldly, glowing, explore regen
a: no special abilities


You were on level 4 of the Dungeon.
You visited 1 branch of the dungeon, and saw 4 of its levels.

You collected 10 gold pieces.

Inventory:

Armour
 a - a +0 robe (worn)
Potions
 c - a potion of haste {unknown}


   Skills:
 + Level 2.4 Dodging
 - Level 1.4 Stealth
 + Level 2.6 Spellcasting
 + Level 4.8 Ice Magic


You had 5 spell levels left.
You knew the following spells:

 Your Spells              Type           Power      Damage    Failure   Level
a - Freeze                Ice            68%        1d8       2%          1

Your spell library contained the following spells:

 Spells                   Type           Power      Damage    Failure   Level
 Frozen Ramparts          Ice            34%        1d6       9%          3
 Ozocubu's Armour         Ice            17%        N/A       9%          3
 Hailstorm                Conj/Ice       9%         3d4       58%         4


Dungeon Overview and Level Annotations

Branches:
Dungeon (4/15) Zot: 2295
 Temple: D:4-7

Altars:


Innate Abilities, Weirdness & Mutations

You passively map a small area around you.
You are easily found by Zot.
You glow in the dark.
You regain HP and MP as you explore.


Message History

You see here a +0 dagger.
A ball python comes into view.
Found a stone staircase leading up.
A sky beast and an orc come into view.
Found 11 gold pieces.
The orc shouts!
Casting: Freeze (safe; 2% risk of failure)
Confirm with . or Enter, or press ? or * to list all spells.
Aiming: Freeze (safe; 2% risk of failure)
Press: ? - help, Shift-Dir - straight line, f - worm
Aim: a worm You freeze the worm.
The worm is lightly wounded.
The ball python bites you but does no damage.
The ball python grabs you. The ball python constricts you.
The worm bites you but does no damage.
Casting: Freeze (safe; 2% risk of failure)
Confirm with . or Enter, or press ? or * to list all spells.
Aiming: Freeze (safe; 2% risk of failure)
Press: ? - help, Shift-Dir - straight line, f/p - worm
Aim: a worm (lightly wounded)
You freeze the worm.
The worm is moderately wounded.
The ball python bites you. The ball python constricts you.
The ball python bites you. The ball python constricts you.
Magic courses through your body. The worm bites you. The ball python bites you.
The ball python constricts you.
Casting: Freeze (safe; 2% risk of failure)
Confirm with . or Enter, or press ? or * to list all spells.
Aiming: Freeze (safe; 2% risk of failure)
Press: ? - help, Shift-Dir - straight line, f/p - worm
Aim: a worm (lightly wounded)
You freeze the worm.
The worm is heavily wounded.
The ball python bites you.
* * * LOW HITPOINT WARNING * * *
The ball python constricts you.
* * * LOW HITPOINT WARNING * * *
The worm bites you!
You die...

############
#..<...w...#
*#+########.# *
, *, ,* #.# , ,
,,,, * #)# ** ,
#w# ,, , , #@# ,
* * ,, * #S# # *
* , ,
#######o#.####.*
....o..Y.......
,
........#.#####
* ,
,....Y..##.#, ,
* ......., . * *
* $..#... ..
...#.⌠. , <#


You could see a sky beast, a worm, an orc and a ball python.

Vanquished Creatures
  A bat (D:2)
  An endoplasm (D:3)
  A goblin (D:3)
  A hobgoblin (D:2)
  A frilled lizard (D:2)
5 creatures vanquished.

Notes
Turn   | Place    | Note
-------+----------+-------------------------------------------
     0 | D:1      | hawla the Meteoran Ice Elementalist began the quest for the
                  | Orb.
     0 | D:1      | Reached XP level 1. HP: 14/14 MP: 5/5
    63 | D:3      | Reached XP level 2. HP: 19/20 MP: 3/6
    96 | D:4      | Noticed a sky beast
   104 | D:4      | Slain by a worm

Illustrated notes

Levels and vault maps discovered:
D:1:      amcnicky_arrival_gap_in_the_tavern_cellar, layout_loops_ring,
          hangedman_decor_clover_reticule, minmay_misc_feat_enclosed
D:2:      layout_basic, dreamdust_ecumenical_altar_hidden_monk_grotto,
          basic_altar
D:3:      minmay_roachtagon, layout_basic, nicolae_figureground_pulse, uniq_ijyb
D:4:      cheibrodos_helix_gallery, layout_basic,
          minmay_temple_entry_junction_2, minivault_26

Action                   || total
-------------------------++-------
Melee: Unarmed           ||     2
 Cast: Freeze            ||    13
  Use: Potion            ||     1
Armor: Robe              ||    12
Dodge: Dodged            ||    16
